 Dungeon Crawl Stone Soup version 0.17-a0-1093-g0b3cd89 (webtiles) character file.

3543 Lokkij the Basher (level 10, 0/84 HPs)
             Began as a Gargoyle Fighter on May 20, 2015.
             Was a Follower of Zin (penitent).
             Slain by an orc warrior
             ... wielding a +0 trident
              (7 damage)
             ... on level 8 of the Dungeon.
             The game lasted 00:18:34 (7678 turns).

Lokkij the Basher (Gargoyle Fighter)                Turns: 7678, Time: 00:18:35

Health: 0/84       AC: 25    Str: 22    XL:     10   Next: 9%
Magic:  0/14       EV:  2    Int: 10    God:    Zin [*]
Gold:   281        SH:  9    Dex:  9    Spells: 0 memorised, 9 levels left

rFire  . . .     SeeInvis .     C - +0 morningstar
rCold  . . .     Clarity  .     (armour currently unavailable)
rNeg   + + +     SustAb   .     c - +0 shield
rPois  ∞         Gourm    .     (helmet currently unavailable)
rElec  .         Spirit   +     (cloak currently unavailable)
rCorr  .         Warding  .     (gloves currently unavailable)
rMut   .         NoTele   +     (boots currently unavailable)
MR     .....                    F - amulet of guardian spirit
Stlth  +.........               (no ring)
                                (no ring)

@: short of breath, tree-form, not resistant to hostile enchantments, very
unstealthy
A: negative energy resistance 1, (electricity resistance), (unbreathing),
petrification resistance, rot immunity, AC +7
a: Renounce Religion


You were on level 8 of the Dungeon.
You worshipped Zin.
Zin was demanding penance.
You were hungry.
You were a tree.
You visited 2 branches of the dungeon, and saw 9 of its levels.

You collected 312 gold pieces.
You donated 31 gold pieces to Zin.

Inventory:

Hand weapons
 t - a +2 whip of venom
 C - a +0 morningstar (weapon)
Armour
 b - a +0 scale mail (melded)
 c - a +0 shield (worn)
 x - a +0 helmet (melded)
 E - a +0 pair of gloves (melded)
Jewellery
 g - an uncursed ring of fire
 F - an amulet of guardian spirit (around neck)
Magical devices
 w - a wand of digging (13)
 y - a wand of polymorph (9)
 A - a wand of disintegration (11)
 B - a wand of slowing (30)
Scrolls
 d - 3 scrolls of blinking
 h - 6 scrolls of identify
 i - 4 scrolls of remove curse
 j - a scroll of recharging {unknown}
 l - 2 scrolls of fear
 m - 3 scrolls of magic mapping {unknown}
 n - 4 scrolls of amnesia {unknown}
 q - 3 scrolls of enchant weapon {unknown}
 r - 2 scrolls of noise {unknown}
 u - 2 scrolls of enchant armour {unknown}
 v - 2 scrolls of random uselessness {unknown}
 H - a scroll of torment {unknown}
Potions
 a - a potion of might
 f - a potion of brilliance
 G - a potion of flight
Comestibles
 e - 5 bread rations
 k - 4 beef jerkies
 p - 3 meat rations
 z - a chunk of flesh
 D - 7 fruits


   Skills:
 - Level 3.2 Fighting
 + Level 12.6 Maces & Flails
 - Level 3.2 Armour
 - Level 3.2 Shields
 + Level 6.2 Invocations


You had 9 spell levels left.
You didn't know any spells.

Dungeon Overview and Level Annotations

Branches:
Dungeon (8/15)             Temple (1/1) D:6
   Lair: D:8-11

Altars:
Ashenzari
Cheibriados
Elyvilon
Fedhas
Gozag
Kikubaaqudgha
Makhleb
Nemelex Xobeh
Okawaru
Ru
Sif Muna
Trog
Vehumet
Xom
Yredelemnul
Zin
The Shining One


Innate Abilities, Weirdness & Mutations

You are resistant to torment.
((Your stone body is resilient (AC +7).))
You are immune to poison.
You resist negative energy.
((You are resistant to electric shocks.))
((You can survive without breathing.))
You are immune to petrification.
You are immune to rotting.


Message History

Evoke which item? (* to show all) (? for menu, Esc to quit)
Zapping:
A - a wand of disintegration (will waste charges)
Press: ? - help, Shift-Dir - straight line, f - centaur
Aim: a centaur (chance to defeat MR: 65%)
The centaur struggles to resist.
Evoking this partially-identified wand wasted a few charges.
The hound bites you but does no damage.
The orc warrior hits you but does no damage.
You block the hound's attack.
Evoke which item? (* to show all) (? for menu, Esc to quit)
Zapping:
A - a wand of disintegration {zapped: 3} (will waste charges)
Press: ? - help, Shift-Dir - straight line, f/p - centaur
Aim: a centaur (chance to defeat MR: 65%)
The centaur is blasted.
Evoking this partially-identified wand wasted a few charges.
The centaur wields a shortbow.
The centaur shoots an arrow.
The arrow hits you.
* * * LOW HITPOINT WARNING * * *
The hound bites you but does no damage.
The orc warrior hits you with a trident!
You die...

# .. # . .. .## . .#
.... . .##.... . ..... .
##5).# #ho#.# ## #.
##♣##.# ....#..
######..##.####... ...##
#.....c###......## #...
..................# #..#
................... #..
##.................
#####
########..)......#.#..##
##...............
#...............


You could see an orc warrior (bleeding), a centaur, a hound and a crimson imp.

Vanquished Creatures
  A steam dragon (D:7)
  A wyvern (D:7)
  A hippogriff (D:7)
  2 black bears
  An orc warrior (D:6)
  3 centaurs
  3 ogres
  A sky beast (D:8)
  3 ice beasts
  2 giant frogs
  2 scorpions
  A water moccasin skeleton (D:7)
  5 crimson imps
  3 jellies (D:8)
  14 orc wizards
  2 giant frog zombies
  5 orc priests
  5 hounds
  2 giant frog skeletons
  Jessica (D:2)
  Natasha (twice) (D:4)
  8 worker ants
  2 iguanas
  A killer bee zombie (D:6)
  4 gnolls
  10 adders
  5 shadow imps
  6 oozes
  An adder skeleton (D:6)
  2 worms
  3 giant geckos
  22 orcs
  12 bats
  3 giant cockroaches
  14 hobgoblins
  10 jackals
  3 quokkas
  A ball python (D:6)
  A giant gecko skeleton (D:5)
  2 giant newts (D:1)
  13 goblins
  A jackal skeleton (D:5)
  16 kobolds
  A quokka skeleton (D:6)
  8 rats
209 creatures vanquished.

Vanquished Creatures (others)
  A scorpion (D:6)
  An adder (D:6)
2 creatures vanquished.

Grand Total: 211 creatures vanquished

Notes
Turn   | Place    | Note
--------------------------------------------------------------
     0 | D:1      | Lokkij the Gargoyle Fighter began the quest for the Orb.
     0 | D:1      | Reached XP level 1. HP: 14/14 MP: 1/1
   338 | D:1      | Reached XP level 2. HP: 19/19 MP: 2/2
   699 | D:2      | Found a bloodstained altar of Trog.
   775 | D:2      | Reached XP level 3. HP: 23/23 MP: 3/3
   776 | D:2      | Noticed Jessica
   829 | D:2      | Killed Jessica
   829 | D:2      | Reached skill level 4 in Maces & Flails
   829 | D:2      | Reached XP level 4. HP: 20/28 MP: 4/4
  1346 | D:2      | Reached skill level 5 in Maces & Flails
  1346 | D:2      | Reached XP level 5. HP: 18/32 MP: 5/5
  1902 | D:3      | Found an opulent altar of Gozag.
  2099 | D:4      | Noticed Natasha
  2106 | D:4      | Killed Natasha
  2321 | D:4      | Reached skill level 6 in Maces & Flails
  2321 | D:4      | Reached XP level 6. HP: 31/37 MP: 6/6
  2606 | D:4      | Found a shattered altar of Ashenzari.
  2963 | D:4      | Noticed Natasha
  2970 | D:4      | Killed Natasha
  3274 | D:5      | Entered Level 5 of the Dungeon
  3289 | D:5      | Reached skill level 7 in Maces & Flails
  3534 | D:5      | Reached XP level 7. HP: 36/41 MP: 7/7
  3843 | D:5      | Reached skill level 8 in Maces & Flails
  3981 | D:5      | Found a glowing golden altar of the Shining One.
  4705 | D:6      | Reached skill level 9 in Maces & Flails
  4705 | D:6      | Reached XP level 8. HP: 33/46 MP: 8/8
  5116 | D:6      | Reached skill level 10 in Maces & Flails
  5573 | D:6      | Found a sparkling altar of Nemelex Xobeh.
  5703 | D:6      | Reached skill level 11 in Maces & Flails
  5747 | D:6      | Reached XP level 9. HP: 51/51 MP: 9/9
  6001 | D:6      | Found a staircase to the Ecumenical Temple.
  6016 | Temple   | Entered the Ecumenical Temple
  6061 | Temple   | Became a worshipper of Zin the Law-Giver
  6061 | Temple   | Acquired Zin's first power
  6195 | D:7      | Reached skill level 1 in Invocations
  6361 | D:7      | Found a blossoming altar of Fedhas.
  6501 | D:7      | Reached skill level 12 in Maces & Flails
  6690 | D:7      | Acquired Zin's second power
  6968 | D:8      | Reached skill level 5 in Invocations
  7429 | D:8      | Reached XP level 10. HP: 54/56 MP: 14/14
  7674 | D:8      | HP: 1/56 [orc warrior/trident (10)]
  7676 | D:8      | Was placed under penance by Zin
  7678 | D:8      | Slain by an orc warrior

Vault maps used:
D:1:      dpeg_arrival_long_road
D:2:      lemuel_crystal_altar, minmay_misc_feat_tiny, glass_columns_b,
          uniq_jessica
D:3:      lemuel_doored_altar, kennysheep_nondescript,
          kennysheep_generic_room_15
D:4:      first_bread, nicolae_ashenzari_panopticon, uniq_natasha
D:5:      basic_altar
D:6:      minmay_flawed_box, lemuel_temple_firewalk_marked,
          nemelex_xobeh_ov_fountains_minmay
D:7:      kennysheep_mini
D:8:      amethyst_overflow_temple_binary, serial_shops,
          nicolae_shop_overgrown_old_shop, hangedman_little_slice_of_home
Temple:   circular_temple_13

Action                   |  1- 3 |  4- 6 |  7- 9 | 10-12 || total
-------------------------+-------+-------+-------+-------++-------
Melee: Flail             |   101 |    98 |       |       ||   199
       Whip              |       |   140 |    64 |       ||   204
       Morningstar       |       |       |   474 |    53 ||   527
Invok: Recite            |       |       |       |     2 ||     2
Evoke: Wand              |       |     1 |       |     2 ||     3
  Use: Potion            |       |     3 |     5 |     4 ||    12
       Scroll            |       |       |     7 |       ||     7
 Stab: Invisible         |       |       |       |     1 ||     1
  Eat: Chunk             |       |     7 |    11 |       ||    18
       Bread ration      |       |     1 |       |       ||     1
